 Dungeon Crawl Stone Soup version 0.23.2-1-ga50397a6bc (webtiles) character file.

Game seed: 6521886917576399440

65 Nattfarinn the Chiller (level 4, -8/30 HPs)
             Began as a Merfolk Ice Elementalist on May 30, 2019.
             Mangled by a gnoll
             ... wielding a +0 halberd
              (10 damage)
             ... on level 3 of the Dungeon.
             The game lasted 00:06:25 (1832 turns).

Nattfarinn the Chiller (Merfolk Ice Elementalist)   Turns: 1832, Time: 00:06:26

Health: -8/30      AC:  2    Str:  8    XL:     4   Next: 14%
Magic:  8/8        EV: 13    Int: 20    God:
Gold:   91         SH:  0    Dex: 14    Spells: 7/8 levels left

rFire    . . .     SeeInvis .   l - +0 war axe (venom)
rCold    . . .     Gourm    .   (no shield)
rNeg     . . .     Faith    .   a - +0 robe
rPois    .         Spirit   .   (no helmet)
rElec    .         Reflect  .   (no cloak)
rCorr    .         Harm     .   (no gloves)
MR       .....                  (no boots)
Stlth    ++........             (no amulet)
HPRegen  0.10/turn              (no ring)
MPRegen  0.11/turn              (no ring)

@: brilliant
A: change form in water, swift swim, stealthy swim
a: no special abilities


You were on level 3 of the Dungeon.
You were not hungry.

You visited 1 branch of the dungeon, and saw 3 of its levels.

You collected 91 gold pieces.

Inventory:

Hand Weapons
 l - a +0 war axe of venom (weapon)
Missiles
 f - 84 stones (quivered)
Armour
 a - a +0 robe (worn)
Scrolls
 b - 2 scrolls of remove curse {unknown}
 d - 2 scrolls of teleportation {unknown}
 e - 3 scrolls of identify {unknown}
 g - a scroll of enchant weapon {unknown}
 h - a scroll of fear {unknown}
 i - a scroll of amnesia {unknown}
Potions
 j - a potion of brilliance
Comestibles
 c - 6 rations
 k - a chunk of flesh


   Skills:
 - Level 2.6 Dodging
 - Level 2.1 Stealth
 + Level 2.7 Spellcasting
   Level 0.7 Conjurations
 * Level 4.8 Ice Magic


You had 7 spell levels left.
You knew the following spells:

 Your Spells              Type           Power        Failure   Level  Hunger
a - Freeze                Ice            ####         1%          1    None

Your spell library contained the following spells:

 Spells                   Type           Power        Failure   Level  Hunger
 Throw Frost              Conj/Ice       ####..       1%          2    ##.....
 Ozocubu's Armour         Chrm/Ice       ###.....     1%          3    ###....
 Throw Icicle             Conj/Ice       ####....     5%          4    ####...
 Summon Ice Beast         Ice/Summ       ###.....     6%          4    ####...


Dungeon Overview and Level Annotations

Branches:
Dungeon (3/15)

Altars:
Nemelex Xobeh


Message History

Something hits you but does no damage.
A gnoll comes into view. It is wielding a +0 club.
Something hits you.
You miss something.
The gnoll shouts!
Something hits you!
* * * LOW HITPOINT WARNING * * *
Casting: Freeze (safe; 2% risk of failure)
Confirm with . or Enter, or press ? or * to list all spells.
You can't see any susceptible monsters within range! (Use Z to cast anyway.)
You miss something. Something barely misses you.
A gnoll comes into view.
Something barely misses you.
You barely miss something. The bat barely misses you.
The bat closely misses you. Something hits you.
* * * LOW HITPOINT WARNING * * *
It was a potion of brilliance.
You feel clever all of a sudden. The bat closely misses you.
Something hits you!
You die...

#.###.###.# #.....# #.#
###.#####.# ###
###....##.#####.##
#................#
#.<##..##.#####.##
####.#..##..##.# #.##
...)...รท##...#.####.#.##
####.........gg{@b.###.##
###.###.#.######.#<..###.
#. #.# ##).......o #.
##...###.. #. ##.## #.
..(. #. #.### #.# .#


You could see 2 gnolls and a bat.

Vanquished Creatures
  3 adders
  2 oozes
  A leopard gecko (D:2)
  3 orcs (D:3)
  2 giant cockroaches
  A goblin (D:1)
  4 hobgoblins
  3 bats (D:1)
  2 frilled lizards (D:1)
  3 kobolds
  5 rats
29 creatures vanquished.

Notes
Turn   | Place    | Note
-------+----------+-------------------------------------------
     0 | D:1      | Nattfarinn the Merfolk Ice Elementalist began the quest for
                  | the Orb.
     0 | D:1      | Reached XP level 1. HP: 13/13 MP: 3/3
   105 | D:1      | Reached XP level 2. HP: 7/19 MP: 0/5
   707 | D:1      | Reached skill level 4 in Ice Magic
   903 | D:2      | Reached XP level 3. HP: 11/24 MP: 0/6
   967 | D:2      | Found a sparkling altar of Nemelex Xobeh.
  1809 | D:3      | Reached XP level 4. HP: 25/30 MP: 8/8
  1832 | D:3      | Mangled by a gnoll

Skill      XL: |  1  2 |
---------------+-------+-----
Ice Magic      | 4 |  4.8
Dodging        | |  2.6
Stealth        | |  2.1
Spellcasting   | |  2.7
Conjurations   | |  0.7

Action                   |  1- 3 |  4- 6 || total
-------------------------+-------+-------++-------
Melee: Unarmed           |     3 |       ||     3
       War axe           |    14 |    15 ||    29
 Cast: Freeze            |    39 |       ||    39
  Use: Potion            |     1 |     1 ||     2
  Eat: Chunk             |     3 |       ||     3
Armor: Robe              |     6 |     3 ||     9
Dodge: Dodged            |    27 |    22 ||    49
